 Dungeon Crawl Stone Soup version 0.23.2-1-ga50397a6bc (webtiles) character file.

Game seed: 18027925929135816075

16633 Menchi the Blocker (level 12, -7/97 HPs)
             Began as a Gnoll Fighter on May 3, 2019.
             Was a Priest of Makhleb.
             Splashed by a brown ugly thing's acid (11 damage)
             ... on level 11 of the Dungeon.
             The game lasted 00:27:29 (10210 turns).

Menchi the Blocker (Gnoll Fighter)                 Turns: 10210, Time: 00:27:33

Health: -7/97      AC: -4    Str: 20    XL:     12   Next: 39%
Magic:  22/22      EV: 16    Int: 11    God:    Makhleb [***...]
Gold:   380        SH: 13    Dex: 18    Spells: 25/25 levels left

rFire    . . .     SeeInvis +   B - +5 dagger of the Endless Expanse {pierce, rElec rC+ MR+ Stlth+}
rCold    + . .     Gourm    .   c - +1 shield
rNeg     . . .     Faith    .   P - +0 troll leather armour
rPois    .         Spirit   .   D - +0 hat
rElec    +         Reflect  .   T - +0 cloak
rCorr    .         Harm     .   (no gloves)
MR       +....                  F - +0 pair of boots
Stlth    +++++.....             (no amulet)
HPRegen  0.66/turn              A - ring of see invisible
MPRegen  0.18/turn              Q - +3 ring of protection

@: corroded
A: distributed training, fangs 1, strong nose
a: Minor Destruction, Lesser Servant of Makhleb, Renounce Religion


You were on level 11 of the Dungeon.
You worshipped Makhleb.
Makhleb was most pleased with you.
You were hungry.

You visited 2 branches of the dungeon, and saw 12 of its levels.
You also visited: Sewer.

You collected 534 gold pieces.
You spent 154 gold pieces at shops.

Inventory:

Hand Weapons
 B - the +5 dagger of the Endless Expanse (weapon) {pierce, rElec rC+ MR+ Stlth+}
   (You bought it in a shop on level 5 of the Dungeon)

   It inflicts extra damage upon your enemies.
   It protects you from cold.
   It insulates you from electricity.
   It affects your resistance to hostile enchantments.
   It makes you more stealthy.
Armour
 c - a +1 shield (worn)
 D - a +0 hat (worn)
 F - a +0 pair of boots (worn)
 P - a +0 troll leather armour (worn)
 S - +0 steam dragon scales
 T - a +0 cloak (worn)
Jewellery
 g - an uncursed ring of flight
 m - an uncursed ring of resist corrosion
 p - an uncursed ring of protection from cold
 w - an uncursed ring of protection from cold
 A - a ring of see invisible (left hand)
 Q - a +3 ring of protection (right hand)
Wands
 b - a wand of flame (11)
 v - a wand of scattershot (1)
 x - a wand of random effects (40)
 C - a wand of digging (7)
 E - a wand of enslavement (10)
 G - a wand of clouds (10)
 H - a wand of paralysis (3)
 M - a wand of iceblast (8)
Scrolls
 a - 2 scrolls of fear
 k - 13 scrolls of identify
 o - 5 scrolls of remove curse
 q - 2 scrolls of amnesia
 r - 2 scrolls of fog
 y - 6 scrolls of teleportation
 z - a scroll of enchant weapon
 L - 2 scrolls of enchant armour
 R - 2 scrolls of magic mapping
Potions
 e - a potion of agility
 h - 6 potions of curing
 i - 5 potions of heal wounds {unknown}
 j - a potion of resistance {unknown}
 l - 3 potions of flight {unknown}
 n - a potion of haste {unknown}
 s - 2 potions of brilliance {unknown}
 t - 2 potions of magic {unknown}
 u - 2 potions of mutation {unknown}
 I - a potion of degeneration {unknown}
 J - a potion of cancellation {unknown}
 K - a potion of invisibility {unknown}
 N - 2 potions of lignification {unknown}
Comestibles
 f - 15 rations
 O - 3 chunks of flesh


   Skills:
 + Level 9.7 Fighting
 + Level 7.1 Short Blades
 + Level 8.5 Long Blades
 + Level 7.1 Axes
 + Level 7.1 Maces & Flails
 + Level 7.1 Polearms
 + Level 7.1 Staves
 + Level 7.1 Slings
 + Level 7.1 Bows
 + Level 7.1 Crossbows
 + Level 7.1 Throwing
 + Level 9.7 Armour
 + Level 7.1 Dodging
 + Level 7.1 Stealth
 + Level 9.7 Shields
 + Level 7.1 Unarmed Combat
 + Level 7.1 Spellcasting
 + Level 5.9 Conjurations
 + Level 5.9 Hexes
 + Level 5.9 Charms
 + Level 5.9 Summonings
 + Level 5.9 Necromancy
 + Level 5.9 Translocations
 + Level 5.9 Transmutations
 + Level 5.9 Fire Magic
 + Level 5.9 Ice Magic
 + Level 5.9 Air Magic
 + Level 5.9 Earth Magic
 + Level 5.9 Poison Magic
 + Level 7.8 Invocations
 + Level 7.1 Evocations


You had 25 spell levels left.
You didn't know any spells.
Your spell library contained the following spells:

 Spells                   Type           Power        Failure   Level  Hunger
 Animate Skeleton         Necr           N/A          3%          1    None
 Apportation              Tloc           ###...       3%          1    None
 Confusing Touch          Hex            ###...       3%          1    None
 Corona                   Hex            ###....      3%          1    None
 Summon Small Mammal      Summ           ###.         3%          1    None
 Ensorcelled Hibernation  Hex/Ice        ###...       4%          2    ##.....
 Slow                     Hex            ###.....     4%          2    ##.....
 Confuse                  Hex            ###.....     10%         3    ###....
 Dazzling Spray           Conj/Hex       ###...       10%         3    ###....
 Gell's Gravitas          Tloc           ###.......   10%         3    ###....
 Inner Flame              Hex/Fire       ###.....     10%         3    ###....
 Portal Projectile        Hex/Tloc       ###...       10%         3    ###....
 Tukima's Dance           Hex            ###.....     10%         3    ###....
 Cause Fear               Hex            ###.......   32%         4    ####...
 Leda's Liquefaction      Hex/Erth       ###.......   32%         4    ####...
 Petrify                  Tmut/Erth      ###.....     32%         4    ####...
 Irradiate                Conj/Tmut      ###.......   67%         5    ######.
 Metabolic Englaciation   Hex/Ice        ###.......   67%         5    ######.
 Summon Forest            Summ/Tloc      ###.......   67%         5    ######.
 Yara's Violent Unravell  Hex/Tmut       ###.......   67%         5    ######.
 Bolt of Fire             Conj/Fire      ###.......   99%         6    #######


Dungeon Overview and Level Annotations

Branches:
Dungeon (11/15)            Temple (1/1) D:7
   Lair: D:8-11         Orc: D:9-12

Altars:
Ashenzari
Dithmenos
Fedhas
Gozag
Kikubaaqudgha
Makhleb
Nemelex Xobeh
Qazlal
Ru
Trog
Uskayaw
Vehumet
Wu Jian
Xom
Yredelemnul
Zin

Shops:
D:5 (   D:7 !


Innate Abilities, Weirdness & Mutations

Your experience applies equally to all skills.
You have very sharp teeth.
Your uncanny sense of smell can sniff out nearby items.


Message History

The brown ugly thing is severely wounded.
The brown ugly thing tentacle-slaps you.
* * * LOW HITPOINT WARNING * * *
The acid corrodes you!
You are splashed with acid!
* * * LOW HITPOINT WARNING * * *
You hit the brown ugly thing but do no damage.
The brown ugly thing is severely wounded.
The brown ugly thing closely misses you.
You hit the brown ugly thing but do no damage.
The brown ugly thing is severely wounded.
You hit the brown ugly thing but do no damage.
The brown ugly thing is severely wounded.
You block the brown ugly thing's attack.
You hit the brown ugly thing but do no damage.
Your bite misses the brown ugly thing.
The brown ugly thing is severely wounded.
The brown ugly thing tentacle-slaps you!
* * * LOW HITPOINT WARNING * * *
You are splashed with acid!
You die...

############
#..........# ##########
#..........# #.#.......
#..........# #.#.#.####
#..........# #.#.#.....
#..........###.#.#####.
#....u@....'.#.#.#.....
#..........#.'.#.#.###.
#.(........###...#...#.
#........%.# ##'#######
#..........# #.#
########+### #.# #.#
#.# #..


You could see a brown ugly thing.

Vanquished Creatures
  Snorg (D:10)
  The ghost of donomii the Archer, a journeyman CeAM of Okawaru (D:10)
  6 two-headed ogres
  An unseen horror (D:11)
  A wizard (D:10)
  Pikel (D:6)
  A cyclops (D:10)
  A manticore (D:10)
  Maurice (D:9)
  A gargoyle (D:10)
  A hornet (D:9)
  A troll (D:10)
  Grinder (D:5)
  2 hippogriffs
  Sigmund (D:5)
  7 yaks
  A wyvern (D:8)
  A basilisk (D:7)
  A steam dragon (D:9)
  Grum (D:11)
  An acid dragon (D:11)
  Duvessa (D:6)
  3 ice beasts (D:9)
  2 orc warriors
  2 sky beasts (D:9)
  2 black bears
  6 ogres
  A slave (D:6)
  2 eyes of draining
  2 necrophages
  3 phantoms
  2 centaurs
  4 wolves (D:11)
  A crocodile (D:10)
  8 bullfrogs
  A wyvern zombie (D:10)
  Dowan (D:6)
  8 killer bees
  15 wights
  2 howler monkeys
  5 crimson imps
  2 quasits
  3 hounds
  6 orc priests
  Crazy Yiuf (D:5)
  A centaur skeleton (D:8)
  A gnoll shaman (D:4)
  Jessica (D:2)
  2 bullfrog skeletons
  Natasha (twice) (D:3)
  5 iguanas
  5 orc wizards
  6 worker ants
  A hound skeleton (D:4)
  A howler monkey zombie (D:5)
  13 adders
  5 gnolls (D:4)
  7 shadow imps
  2 oozes
  2 adder skeletons
  5 worms
  3 dart slugs (D:3)
  8 leopard geckos
  16 orcs
  7 giant cockroaches
  2 goblins (D:3)
  6 hobgoblins
  5 jackals (Sewer)
  15 kobolds
  5 quokkas
  4 ball pythons
  5 bats
  8 frilled lizards
  2 leopard gecko skeletons
  2 rats
263 creatures vanquished.

Vanquished Creatures (others)
  2 slaves (D:6)
  A bullfrog (D:6)
  A wight (D:6)
  Terence (D:3)
  An iguana (D:6)
  Natasha (D:3)
  A fungus (D:2)
8 creatures vanquished.

Grand Total: 271 creatures vanquished

Notes
Turn   | Place    | Note
-------+----------+-------------------------------------------
     0 | D:1      | Menchi the Gnoll Fighter began the quest for the Orb.
     0 | D:1      | Reached XP level 1. HP: 23/23 MP: 1/1
   272 | D:1      | Reached XP level 2. HP: 25/29 MP: 2/2
   950 | D:2      | Reached XP level 3. HP: 28/35 MP: 3/3
  1036 | D:2      | Reached skill level 1 in Invocations
  1145 | D:2      | Noticed Jessica
  1157 | D:2      | Killed Jessica
  1157 | D:2      | Reached skill level 1 in Short Blades
  1157 | D:2      | Reached skill level 1 in Axes
  1157 | D:2      | Reached skill level 1 in Maces & Flails
  1157 | D:2      | Reached skill level 1 in Polearms
  1157 | D:2      | Reached skill level 1 in Staves
  1157 | D:2      | Reached skill level 1 in Slings
  1157 | D:2      | Reached skill level 1 in Bows
  1157 | D:2      | Reached skill level 1 in Crossbows
  1157 | D:2      | Reached skill level 1 in Throwing
  1157 | D:2      | Reached skill level 1 in Dodging
  1157 | D:2      | Reached skill level 1 in Stealth
  1157 | D:2      | Reached skill level 1 in Unarmed Combat
  1157 | D:2      | Reached skill level 1 in Spellcasting
  1157 | D:2      | Reached skill level 1 in Evocations
  1157 | D:2      | Reached XP level 4. HP: 30/41 MP: 5/5
  1213 | D:2      | Reached skill level 1 in Conjurations
  1213 | D:2      | Reached skill level 1 in Hexes
  1213 | D:2      | Reached skill level 1 in Charms
  1213 | D:2      | Reached skill level 1 in Summonings
  1213 | D:2      | Reached skill level 1 in Necromancy
  1213 | D:2      | Reached skill level 1 in Translocations
  1213 | D:2      | Reached skill level 1 in Transmutations
  1213 | D:2      | Reached skill level 1 in Fire Magic
  1213 | D:2      | Reached skill level 1 in Ice Magic
  1213 | D:2      | Reached skill level 1 in Air Magic
  1213 | D:2      | Reached skill level 1 in Earth Magic
  1213 | D:2      | Reached skill level 1 in Poison Magic
  1247 | D:2      | Found a blossoming altar of Fedhas.
  2006 | D:3      | Noticed Natasha
  2014 | D:3      | Killed Natasha
  2014 | D:3      | Reached XP level 5. HP: 30/47 MP: 5/7
  2057 | D:3      | Killed Natasha
  2130 | D:3      | Killed Terence
  2164 | D:3      | Noticed Natasha
  2170 | D:3      | Killed Natasha
  2729 | D:4      | Found a shattered altar of Ashenzari.
  2739 | D:4      | Noticed an ogre
  2750 | D:4      | Killed an ogre
  2750 | D:4      | Reached XP level 6. HP: 27/53 MP: 8/8
  2779 | D:4      | Reached skill level 5 in Long Blades
  2902 | D:4      | Found a stormy altar of Qazlal.
  2908 | D:4      | Found a shadowy altar of Dithmenos.
  2920 | D:4      | Identified the Grimoire of Confrontation and Translocation
  3148 | D:4      | Reached XP level 7. HP: 39/59 MP: 10/10
  3418 | D:5      | Entered Level 5 of the Dungeon
  3480 | D:5      | Found a glowing drain.
  3511 | Sewer    | Entered a sewer
  3678 | Sewer    | HP: 2/60 [poisoned by a kobold]
  4288 | D:5      | Found an ancient bone altar of Kikubaaqudgha.
  4315 | D:5      | Found a runed translucent door.
  4316 | D:5      | Noticed Crazy Yiuf
  4371 | D:5      | Found Volanyfa's Antique Weapon Shop.
  4374 | D:5      | Bought an ichor-stained dagger for 154 gold pieces
  4374 | D:5      | Identified the +5 dagger of the Endless Expanse {pierce,
                  | rElec rC+ MR+ Stlth+} (You bought it in a shop on level 5
                  | of the Dungeon)
  4397 | D:5      | Noticed Grinder
  4397 | D:5      | Noticed Sigmund
  4411 | D:5      | Killed Sigmund
  4421 | D:5      | Paralysed by Grinder for 2 turns
  4424 | D:5      | Killed Grinder
  4424 | D:5      | Reached XP level 8. HP: 67/67 MP: 12/12
  4665 | D:5      | Killed Crazy Yiuf
  4691 | D:6      | Noticed Pikel
  4737 | D:6      | Killed Pikel
  4815 | D:6      | Reached XP level 9. HP: 70/72 MP: 14/14
  5015 | D:6      | Found a glowing silver altar of Zin.
  5270 | D:6      | Noticed Dowan
  5276 | D:6      | Noticed Duvessa
  5277 | D:6      | Killed Dowan
  5287 | D:6      | Killed Duvessa
  5548 | D:7      | Found Naoqow's Distillery.
  5895 | D:7      | Noticed a two-headed ogre
  5912 | D:7      | Killed a two-headed ogre
  5912 | D:7      | Reached skill level 5 in Invocations
  6117 | D:7      | Reached XP level 10. HP: 65/80 MP: 15/17
  6356 | D:7      | Found an ancient bone altar of Kikubaaqudgha.
  6358 | D:7      | Found a shattered altar of Ashenzari.
  6358 | D:7      | Found a shimmering altar of Xom.
  6360 | D:7      | Found a basalt altar of Yredelemnul.
  6360 | D:7      | Found a shattered altar of Ashenzari.
  6360 | D:7      | Found a stormy altar of Qazlal.
  6726 | D:7      | Found a staircase to the Ecumenical Temple.
  6735 | Temple   | Entered the Ecumenical Temple
  6758 | Temple   | Became a worshipper of Makhleb the Destroyer
  6897 | D:8      | Reached skill level 5 in Short Blades
  6897 | D:8      | Reached skill level 5 in Axes
  6897 | D:8      | Reached skill level 5 in Maces & Flails
  6897 | D:8      | Reached skill level 5 in Polearms
  6897 | D:8      | Reached skill level 5 in Staves
  6897 | D:8      | Reached skill level 5 in Slings
  6897 | D:8      | Reached skill level 5 in Bows
  6897 | D:8      | Reached skill level 5 in Crossbows
  6897 | D:8      | Reached skill level 5 in Throwing
  6897 | D:8      | Reached skill level 5 in Dodging
  6897 | D:8      | Reached skill level 5 in Stealth
  6897 | D:8      | Reached skill level 5 in Unarmed Combat
  6897 | D:8      | Reached skill level 5 in Spellcasting
  6897 | D:8      | Reached skill level 5 in Evocations
  6936 | D:8      | Noticed a two-headed ogre
  6967 | D:8      | Killed a two-headed ogre
  6982 | D:8      | HP: 2/82 [iguana (9)]
  7782 | D:8      | Found a burning altar of Makhleb.
  7782 | D:8      | Noticed a blizzard demon
  7828 | D:9      | Noticed a two-headed ogre
  7829 | D:9      | Noticed a two-headed ogre
  7850 | D:8      | Killed a two-headed ogre
  8115 | D:9      | Reached * piety under Makhleb
  8220 | D:9      | Reached XP level 11. HP: 81/87 MP: 19/19
  8593 | D:9      | Found a basalt altar of Yredelemnul.
  8689 | D:9      | Found a bloodstained altar of Trog.
  8809 | D:9      | Killed a two-headed ogre
  8809 | D:9      | Reached skill level 5 in Conjurations
  8809 | D:9      | Reached skill level 5 in Hexes
  8809 | D:9      | Reached skill level 5 in Charms
  8809 | D:9      | Reached skill level 5 in Summonings
  8809 | D:9      | Reached skill level 5 in Necromancy
  8809 | D:9      | Reached skill level 5 in Translocations
  8809 | D:9      | Reached skill level 5 in Transmutations
  8809 | D:9      | Reached skill level 5 in Fire Magic
  8809 | D:9      | Reached skill level 5 in Ice Magic
  8809 | D:9      | Reached skill level 5 in Air Magic
  8809 | D:9      | Reached skill level 5 in Earth Magic
  8809 | D:9      | Reached skill level 5 in Poison Magic
  8966 | D:9      | Noticed Maurice
  8980 | D:9      | Killed Maurice
  9040 | D:10     | Entered Level 10 of the Dungeon
  9086 | D:10     | Noticed Snorg
  9093 | D:10     | Killed Snorg
  9135 | D:10     | Got a distressingly furry chain mail
  9146 | D:10     | Identified the cursed +1 chain mail of the Gloaming {rElec
                  | rPois MP-9 Dex-5} (You found it on level 10 of the Dungeon)
  9163 | D:10     | Noticed a manticore
  9168 | D:10     | Reached ** piety under Makhleb
  9172 | D:10     | Killed a manticore
  9232 | D:10     | Noticed a wizard
  9245 | D:10     | Killed a wizard
  9873 | D:10     | Found a runed translucent door.
  9874 | D:10     | Noticed donomii's ghost (journeyman CeAM)
  9875 | D:10     | Noticed a cyclops
  9892 | D:10     | Killed donomii's ghost
  9892 | D:10     | Reached XP level 12. HP: 96/96 MP: 13/22
  9968 | D:11     | Noticed a two-headed ogre
 10001 | D:11     | Noticed Grum
 10017 | D:11     | Killed a two-headed ogre
 10018 | D:11     | Killed Grum
 10018 | D:11     | Reached *** piety under Makhleb
 10069 | D:11     | Noticed a two-headed ogre
 10087 | D:11     | Killed a two-headed ogre
 10210 | D:11     | HP: 4/97 [brown ugly thing (15)]
 10210 | D:11     | Splashed by a brown ugly thing's acid

Skill      XL: |  1  2  3  4  5  6  7  8  9 10 11 12 |
---------------+-------------------------------------+-----
Invocations    | 1 2 3 4 5 6 7 |  7.8
Short Blades   | 1 2 3 4 5 6 7 |  7.1
Axes           | 1 2 3 4 5 6 7 |  7.1
Maces & Flails | 1 2 3 4 5 6 7 |  7.1
Polearms       | 1 2 3 4 5 6 7 |  7.1
Staves         | 1 2 3 4 5 6 7 |  7.1
Slings         | 1 2 3 4 5 6 7 |  7.1
Bows           | 1 2 3 4 5 6 7 |  7.1
Crossbows      | 1 2 3 4 5 6 7 |  7.1
Throwing       | 1 2 3 4 5 6 7 |  7.1
Dodging        | 1 2 3 4 5 6 7 |  7.1
Stealth        | 1 2 3 4 5 6 7 |  7.1
Unarmed Combat | 1 2 3 4 5 6 7 |  7.1
Spellcasting   | 1 2 3 4 5 6 7 |  7.1
Evocations     | 1 2 3 4 5 6 7 |  7.1
Conjurations   | 1 2 3 4 5 |  5.9
Hexes          | 1 2 3 4 5 |  5.9
Charms         | 1 2 3 4 5 |  5.9
Summonings     | 1 2 3 4 5 |  5.9
Necromancy     | 1 2 3 4 5 |  5.9
Translocations | 1 2 3 4 5 |  5.9
Transmutations | 1 2 3 4 5 |  5.9
Fire Magic     | 1 2 3 4 5 |  5.9
Ice Magic      | 1 2 3 4 5 |  5.9
Air Magic      | 1 2 3 4 5 |  5.9
Earth Magic    | 1 2 3 4 5 |  5.9
Poison Magic   | 1 2 3 4 5 |  5.9
Long Blades    | 5 6 7 8 |  8.5
Fighting       | 7 8 9 |  9.7
Armour         | 7 8 9 |  9.7
Shields        | 7 8 9 |  9.7

Action                   |  1- 3 |  4- 6 |  7- 9 | 10-12 || total
-------------------------+-------+-------+-------+-------++-------
Melee: Long sword        |    58 |    75 |       |       ||   133
       Bite              |     7 |    17 |    46 |   125 ||   195
       Trident           |       |    84 |   105 |       ||   189
       Dagger            |       |       |   262 |   747 ||  1009
Evoke: Wand              |       |       |       |    12 ||    12
  Use: Scroll            |       |     8 |     3 |     4 ||    15
       Potion            |       |       |     7 |     3 ||    10
 Stab: Sleeping          |       |       |     1 |    16 ||    17
  Eat: Chunk             |       |     7 |     7 |    14 ||    28
       Ration            |       |       |     1 |       ||     1
Armor: Scale mail        |    22 |    43 |    72 |    65 ||   202
       Troll leather arm |       |       |       |    39 ||    39
       Steam dragon scal |       |       |       |     4 ||     4
Dodge: Dodged            |    14 |    23 |    99 |   239 ||   375
Block: Shield            |    25 |   111 |   187 |   371 ||   694
       Rpst.: Long sword |     5 |     2 |       |       ||     7
